 Dungeon Crawl Stone Soup version bcrawl-1.40.3b (webtiles) character file.

Game seed: 1391741545473763302

148843 iceDog the Grasshopper (level 5, 0/43 HPs)
             Began as a Gnoll Warper on Mar 21, 2024.
             Was an Initiate of Makhleb.
             Slain by a hobgoblin (5 damage)
             ... led by Robin
             ... on level 3 of the Dungeon.
             The game lasted 00:05:50 (2259 turns).

iceDog the Grasshopper (Gnoll Warper)               Turns: 2259, Time: 00:05:50

Health: 0/43       AC:  2    Str: 14    XL:     5   Next: 28%
Magic:  12/12      EV: 14    Int: 15    God:    Makhleb [......]
Gold:   125        SH:  0    Dex: 15    Spells: 12/14 levels left

rFire    . . .     GDR:     28% d - +0 short sword
rCold    . . .     SeeInvis .   (no shield)
rNeg     . . .     Gourm    .   c - +0 robe
rPois    .         Faith    .   (no helmet)
rElec    .         Spirit   .   (no cloak)
rCorr    +         Reflect  .   (no gloves)
MR       .....                  (no boots)
Stlth    ++........             (no amulet)
HPRegen  0.17/turn              b - ring of resist corrosion
MPRegen  0.13/turn              (no ring)

@: sluggish, very slow
A: distributed training, fangs 1, strong nose
a: Renounce Religion


You were on level 3 of the Dungeon.
You worshipped Makhleb.
Makhleb was noncommittal.
You were hungry.

You visited 1 branch of the dungeon, and saw 3 of its levels.

You collected 125 gold pieces.

Inventory:

Hand Weapons
 a - a +0 hand crossbow
 d - a +0 short sword (weapon)
Missiles
 f - 195 bolts
 h - 251 arrows
Armour
 c - a +0 robe (worn)
Jewellery
 b - a ring of resist corrosion (left hand)
Scrolls
 g - a scroll of blinking
 i - 2 scrolls of identify
 n - a scroll of teleportation {unknown}
Potions
 j - a potion of cancellation
 l - a potion of lignification {unknown}
Comestibles
 e - 2 rations {!d}
 m - a chunk of flesh


   Skills:
 + Level 4.7 Fighting
 + Level 1.4 Short Blades
 + Level 1.4 Long Blades
 + Level 1.4 Axes
 + Level 1.4 Maces & Flails
 + Level 1.4 Polearms
 + Level 1.4 Staves
 + Level 1.4 Slings
 + Level 1.4 Bows
 + Level 4.7 Crossbows
 + Level 1.4 Throwing
 + Level 1.4 Armour
 + Level 4.7 Dodging
 + Level 1.4 Stealth
 + Level 1.4 Shields
 + Level 1.4 Unarmed Combat
 + Level 5.1 Spellcasting
 + Level 1.1 Conjurations
 + Level 1.1 Hexes
 + Level 1.1 Charms
 + Level 1.1 Summonings
 + Level 1.1 Necromancy
 + Level 5.5 Translocations
 + Level 1.1 Transmutations
 + Level 1.1 Fire Magic
 + Level 1.1 Ice Magic
 + Level 1.1 Air Magic
 + Level 1.1 Earth Magic
 + Level 1.1 Poison Magic
 + Level 1.5 Invocations
 + Level 1.4 Evocations


You had 12 spell levels left.
You knew the following spells:

 Your Spells              Type           Power        Failure   Level  Hunger
a - Blink Other           Tloc           ###...       1%          1    None
b - Apportation           Tloc           ###...       1%          1    None

Your spell library contained the following spells:

 Spells                   Type           Power        Failure   Level  Hunger
 Blink                    Tloc           N/A          2%          2    None
 Portal Projectile        Tloc           ###...       4%          3    ###....
 Teleport Other           Tloc           ###.....     4%          3    ###....
 Passage of Golubria      Tloc           N/A          41%         5    ######.


Dungeon Overview and Level Annotations

Branches:
Dungeon (3/12)

Altars:
Makhleb


Innate Abilities, Weirdness & Mutations

Your experience applies equally to all skills.
You have very sharp teeth.
Your uncanny sense of smell can sniff out nearby items.


Message History

Firing (i - inventory)
f - 196 bolts (quivered)
Press: ? - help, Shift-Dir - straight line, f/p - hobgoblin
Aim: a hobgoblin (unusually strong)
You are feeling hungry.
You shoot a bolt.
The bolt hits the hobgoblin but does no damage.
Wield which item (- for none, * to show all)? (? for menu, Esc to quit)
d - a +0 short sword (weapon)
The hobgoblin closely misses you.
You hit the hobgoblin. Your bite misses the hobgoblin.
The hobgoblin is heavily wounded.
The hobgoblin misses you.
You hit the hobgoblin.
You kill the hobgoblin!
Makhleb accepts your kill. The hobgoblin hits you.
* * * LOW HITPOINT WARNING * * *
You feel sluggish.
You float gracefully downwards.
The hobgoblin hits you.
You die...

..###.##.####### .........
#..#..##.### #############.#
##...##....# #...........#.#
###.##.....########.#########.#.#
.#####.....ggg...##.# #.#.. .#
#.....#####.##.# ##.#.# .#
#.....# #)##.########.#..# .#
####### ##............###.# .#
#####.@g#.########.#..#
.##########)...........>........#
............###..)#...........###
############# ##.##############
###


You could see a hobgoblin.

Vanquished Creatures
  A hound (D:3)
  Robin (D:3)
  2 adders (D:3)
  An ooze (D:2)
  4 worms
  3 dart slugs (D:1)
  3 leopard geckos
  An orc (D:2)
  3 bats
  3 giant cockroaches
  11 goblins
  10 hobgoblins
  6 kobolds
  4 quokkas
  A ball python (D:2)
  2 frilled lizards
  6 rats
62 creatures vanquished.

Notes
Turn   | Place    | Note
-------+----------+-------------------------------------------
     0 | D:1      | iceDog the Gnoll Warper began the quest for the Orb.
     0 | D:1      | Reached XP level 1. HP: 20/20 MP: 6/6
   213 | D:1      | Reached XP level 2. HP: 18/26 MP: 7/7
   351 | D:1      | Reached XP level 3. HP: 14/31 MP: 9/9
   426 | D:1      | Reached skill level 5 in Spellcasting
   664 | D:1      | Reached skill level 1 in Invocations
  1117 | D:2      | Reached skill level 1 in Short Blades
  1117 | D:2      | Reached skill level 1 in Long Blades
  1117 | D:2      | Reached skill level 1 in Axes
  1117 | D:2      | Reached skill level 1 in Maces & Flails
  1117 | D:2      | Reached skill level 1 in Polearms
  1117 | D:2      | Reached skill level 1 in Staves
  1117 | D:2      | Reached skill level 1 in Slings
  1117 | D:2      | Reached skill level 1 in Bows
  1117 | D:2      | Reached skill level 1 in Throwing
  1117 | D:2      | Reached skill level 1 in Armour
  1117 | D:2      | Reached skill level 1 in Stealth
  1117 | D:2      | Reached skill level 1 in Shields
  1117 | D:2      | Reached skill level 1 in Unarmed Combat
  1117 | D:2      | Reached skill level 1 in Evocations
  1117 | D:2      | Reached XP level 4. HP: 29/38 MP: 11/11
  2080 | D:3      | Reached skill level 1 in Conjurations
  2080 | D:3      | Reached skill level 1 in Hexes
  2080 | D:3      | Reached skill level 1 in Charms
  2080 | D:3      | Reached skill level 1 in Summonings
  2080 | D:3      | Reached skill level 1 in Necromancy
  2080 | D:3      | Reached skill level 1 in Transmutations
  2080 | D:3      | Reached skill level 1 in Fire Magic
  2080 | D:3      | Reached skill level 1 in Ice Magic
  2080 | D:3      | Reached skill level 1 in Air Magic
  2080 | D:3      | Reached skill level 1 in Earth Magic
  2080 | D:3      | Reached skill level 1 in Poison Magic
  2091 | D:3      | Reached XP level 5. HP: 30/43 MP: 12/12
  2133 | D:3      | Found a burning altar of Makhleb.
  2143 | D:3      | Became a worshipper of Makhleb the Destroyer
  2215 | D:3      | Noticed Robin
  2253 | D:3      | Killed Robin
  2259 | D:3      | Slain by a hobgoblin

Skill      XL: |  1  2  3  4 |
---------------+-------------+-----
Spellcasting   | 5 |  5.1
Invocations    | 1 |  1.5
Short Blades   | 1 |  1.4
Long Blades    | 1 |  1.4
Axes           | 1 |  1.4
Maces & Flails | 1 |  1.4
Polearms       | 1 |  1.4
Staves         | 1 |  1.4
Slings         | 1 |  1.4
Bows           | 1 |  1.4
Throwing       | 1 |  1.4
Armour         | 1 |  1.4
Stealth        | 1 |  1.4
Shields        | 1 |  1.4
Unarmed Combat | 1 |  1.4
Evocations     | 1 |  1.4
Conjurations   | 1 |  1.1
Hexes          | 1 |  1.1
Charms         | 1 |  1.1
Summonings     | 1 |  1.1
Necromancy     | 1 |  1.1
Transmutations | 1 |  1.1
Fire Magic     | 1 |  1.1
Ice Magic      | 1 |  1.1
Air Magic      | 1 |  1.1
Earth Magic    | 1 |  1.1
Poison Magic   | 1 |  1.1
Fighting       | |  4.7
Crossbows      | |  4.7
Dodging        | |  4.7
Translocations | |  5.5

Action                   |  1- 3 |  4- 6 || total
-------------------------+-------+-------++-------
Melee: Short sword       |    84 |    79 ||   163
       Dagger            |     7 |       ||     7
       Bite              |     6 |     5 ||    11
 Fire: Hand crossbow     |    18 |    27 ||    45
  Use: Scroll            |       |     3 ||     3
       Potion            |       |     1 ||     1
 Stab: Sleeping          |     3 |     3 ||     6
  Eat: Chunk             |     4 |     2 ||     6
       Ration            |       |     1 ||     1
Armor: Robe              |     7 |    12 ||    19
Dodge: Dodged            |    68 |    70 ||   138
